 Dungeon Crawl Stone Soup version 0.31-a0-854-g362426d53f (webtiles) character file.

Game seed: 17858441020128804014

1558 mortress the Magician (level 8, -1/81 (90) HPs)
             Began as a Demonspawn Hedge Wizard on Oct 8, 2023.
             Was an Initiate of Vehumet.
             Succumbed to a kobold brigand's poison
             ... on level 6 of the Dungeon.
             The game lasted 01:07:16 (7503 turns).

mortress the Magician (Demonspawn Hedge Wizard)     Turns: 7503, Time: 01:07:17

HP:   -1/81 (90)    AC: 24    Str: 10    XL:     8   Next: 58%
MP:   8/14          EV:  2    Int: 17    God:    Vehumet [......]
Gold: 379           SH:  0    Dex: 14    Spells: 1/15 levels left

rFire   . .          .
                       - Unarmed
rCold   . . .        (no shield)
rNeg    . . .        b - melded +0 robe
rPois   +            q - melded +2 helmet
rElec   .            (cloak currently unavailable)
rCorr   .            a - melded +0 pair of gloves
SInv    .            m - melded +0 pair of boots
Will    .....        o - amulet of the acrobat
Stlth   +++          (no ring)
HPRegen 0.33/turn    (no ring)
MPRegen 0.28/turn

%: acrobat, guardian spirit
@: mighty, lethally poisoned (-1 -> -8), tree-form, slowed, heavily drained,
invisible, very slow
A: stationary, stasis, torment immunity, boosted hp, (claws 1), magic shield,
magic regeneration, (sanguine armour 3)
a: Renounce Religion


You were on level 6 of the Dungeon.
You worshipped Vehumet.
Vehumet was noncommittal.
You were a tree.
You visited 2 branches of the dungeon, and saw 8 of its levels.

You collected 379 gold pieces.

Inventory:

Missiles
 e - 6 boomerangs
 k - 5 poisoned darts
 n - 6 javelins
Armour
 a - a +0 pair of gloves (melded)
 b - a +0 robe (melded)
 m - a +0 pair of boots (melded)
 q - a +2 helmet (melded)
Jewellery
 o - an amulet of the acrobat (around neck)
Wands
 l - a wand of flame (2)
 u - a wand of charming (3)
Scrolls
 c - a scroll of teleportation
 f - a scroll of revelation
 p - a scroll of noise {unknown}
 t - a scroll of blinking
 v - a scroll of silence {unknown}
Potions
 h - 2 potions of enlightenment
 i - a potion of berserk rage {unknown}
 r - a potion of curing {unknown}


   Skills:
 + Level 3.8 Fighting
 - Level 1.3 Short Blades
 + Level 3.9 Dodging
 - Level 4.0 Stealth
 + Level 2.4 Unarmed Combat
 + Level 4.4 Spellcasting
 + Level 3.7 Conjurations
 + Level 3.6 Summonings
 + Level 3.5 Necromancy
 - Level 2.0 Translocations
 + Level 0.4 Ice Magic


You had one spell level left.
You knew the following spells:

 Your Spells              Type           Power      Damage    Failure   Level
a - Magic Dart            Conj           64%        1d6       3%          1
b - Summon Small Mammal   Summ           60%        N/A       3%          1
c - Necrotise             Necr           60%        1d7       3%          1
d - Cigotuvi's Dreadful   Necr/Pois/Air  14%        N/A       14%         2
e - Vampiric Draining     Necr           15%        2d7       11%         3
f - Call Imp              Summ           30%        N/A       5%          2
g - Hailstorm             Conj/Ice       10%        3d5       19%         3
h - Apportation           Tloc           20%        N/A       7%          1

Your spell library contained the following spells:

 Spells                   Type           Power      Damage    Failure   Level
 Freeze                   Ice            20%        1d4       13%         1
 Slow                     Hex            12%        N/A       16%         1
 Blink                    Tloc           20%        N/A       10%         2
 Wereblood                Tmut           3%         N/A       22%         2
 Stone Arrow              Conj/Erth      20%        3d8       22%         3
 Mephitic Cloud           Conj/Pois/Air  7%         N/A       26%         3
 Frozen Ramparts          Ice            10%        1d2       36%         3
 Confusing Touch          Hex            3%         N/A       41%         3
 Ignite Poison            Fire/Tmut/Pois 3%         N/A       41%         3
 Inner Flame              Hex/Fire       3%         N/A       41%         3
 Sigil of Binding         Hex            3%         N/A       41%         3
 Flame Wave               Conj/Fire      10%        2d6       56%         4
 Sticky Flame             Conj/Fire      10%        2d3       56%         4
 Animate Armour           Summ/Erth      18%        N/A       58%         4
 Irradiate                Conj/Tmut      5%         3d13      89%         5
 Freezing Cloud           Conj/Ice/Air   4%         6-21      94%         5
 Lehudib's Crystal Spear  Conj/Erth      5%         10d3      100%        8


Dungeon Overview and Level Annotations

Branches:
Dungeon (7/15)             Temple (1/1) D:5

Altars:
Dithmenos
Fedhas
Gozag
Hepliaklqana
Makhleb
Nemelex Xobeh
Okawaru
Qazlal
Ru
Sif Muna
Trog
Uskayaw
Vehumet
Wu Jian
Xom
Yredelemnul

Shops:
D:6 [*

Annotations:
D:6 Jeremiah


Innate Abilities, Weirdness & Mutations

You are a tree.
Your roots penetrate the ground, keeping you stationary.
You cannot be teleported.
You are immune to unholy pain and torment.
Your maximum health is greatly increased.
Your equipment is partially melded.
((You have sharp fingernails.))
When hurt, damage is shared between your health and your magic reserves.
You regenerate magic rapidly.
((When seriously injured, your blood forms very thick armour. (AC +0)))


Message History

You closely miss the kobold brigand.
The kobold brigand is lightly wounded.
You feel very sick.
The kobold brigand hits you with a +1 dagger of venom.
Your blood congeals into armour.
You are more poisoned.
The kobold misses you.
You feel very sick.
The kobold brigand hits you with a +1 dagger of venom.
You are lethally poisoned!
The kobold hits you but does no damage.
The kobold brigand hits you but does no damage.
You are more poisoned.
The kobold hits you but does no damage.
You climb upwards.
Level annotation: Jeremiah
* * * LOW HITPOINT WARNING * * *
You feel extremely sick.
There is a stone staircase leading down here.
You turn into a tree.
Your +2 helmet melds into your body.
Your +0 pair of gloves melds into your body.
Your +0 pair of boots melds into your body.
Your +0 robe melds into your body.
Your roots penetrate the ground.
Your blood armour dries and flakes away.
* * * LOW HITPOINT WARNING * * *
You feel extremely sick.
The kobold brigand hits you but does no damage.
The kobold hits you but does no damage.
As you read the scroll of fear, it crumbles to dust.
You assume a fearsome visage.
The kobold looks frightened!
The kobold brigand looks frightened!
* * * LOW HITPOINT WARNING * * *
You feel very sick.
It was a potion of might.
You feel very mighty all of a sudden.
* * * LOW HITPOINT WARNING * * *
You feel very sick.
It was a potion of invisibility.
You fade into invisibility!
You die...

.#.# ##.....#.....##.#...#
.#.# ###...#.###..#.....#
.#.# ###.......##.....#
##.# ####..#...####.#.#.#
##.####..........#.#.....#
...........P.....#.#.....#
...........♣.....#.#.#.#.#
.................#.#.....#
.........P♣.K...♣..#.....#
.................#.#.#.#.#
...........##....#.#.....#
.#.........##......#.....#
##........###...K.##.#.#.#
####.......##....)##.....#
#.......#####..##.....#
#.........####.##.#.#.#
#..#######.#...##.....#


You could see a kobold brigand (unable to see you, fleeing) and a kobold (unable
to see you, fleeing).

Vanquished Creatures
  Eustachio (D:6)
  A sky beast (D:6)
  3 ogres
  3 scorpions
  5 wights (D:7)
  An orc priest (D:5)
  3 hounds
  2 jellies (D:5)
  3 iguanas
  Ijyb (D:4)
  A sleepcap (D:5)
  5 adders
  3 gnolls (D:3)
  2 shadow imps (D:6)
  An ufetubus (D:5)
  3 worms
  2 dart slugs
  17 orcs
  4 ball pythons
  4 bats
  8 endoplasms
  5 giant cockroaches
  8 hobgoblins
  2 jackals (D:3)
  7 kobolds
  6 quokkas
  3 frilled lizards
  6 goblins
  6 rats
116 creatures vanquished.

Vanquished Creatures (collateral kills)
  An ogre (D:5)
  An orc priest (D:5)
  A sleepcap (D:5)
  A worm (D:4)
4 creatures vanquished.

Grand Total: 120 creatures vanquished

Notes
Turn   | Place    | Note
-------+----------+-------------------------------------------
     0 | D:1      | mortress the Demonspawn Hedge Wizard began the quest for
                  | the Orb.
     0 | D:1      | Reached XP level 1. HP: 13/13 MP: 4/4
    62 | D:1      | Reached skill level 1 in Translocations
   151 | D:1      | Gained mutation: You regenerate magic rapidly. [demonic
                  | ancestry]
   151 | D:1      | Reached XP level 2. HP: 8/20 MP: 0/6
   236 | D:1      | Learned a level 1 spell: Summon Small Mammal
   704 | D:1      | Reached XP level 3. HP: 25/25 MP: 7/7
  1023 | D:2      | Found an opulent altar of Gozag.
  1182 | D:2      | Reached skill level 1 in Fighting
  1252 | D:2      | Noticed a floating eye
  1269 | D:2      | Noticed a floating eye
  1271 | D:2      | Found a faded altar of an unknown god.
  1274 | D:2      | Noticed a floating eye
  1279 | D:2      | Noticed a golden eye
  1803 | D:3      | Gained mutation: When hurt, damage is shared between your
                  | health and your magic reserves. [demonic ancestry]
  1803 | D:3      | Reached XP level 4. HP: 32/32 MP: 1/8
  1876 | D:3      | Learned a level 1 spell: Necrotise
  1879 | D:3      | Learned a level 2 spell: Cigotuvi's Dreadful Rot
  1883 | D:3      | Learned a level 3 spell: Vampiric Draining
  2556 | D:3      | Found an iron altar of Okawaru.
  3057 | D:4      | Reached skill level 1 in Short Blades
  3057 | D:4      | Reached skill level 1 in Necromancy
  3057 | D:4      | Gained mutation: When seriously injured, your blood forms
                  | armour. (AC +0) [demonic ancestry]
  3057 | D:4      | Reached XP level 5. HP: 26/38 MP: 4/9
  3072 | D:4      | Found a burning altar of Makhleb.
  3299 | D:4      | Noticed Ijyb
  3326 | D:4      | Killed Ijyb
  3330 | D:4      | Gained mutation: You have sharp fingernails. [demonic
                  | ancestry]
  3330 | D:4      | Reached XP level 6. HP: 16/44 MP: 6/11
  3729 | D:4      | Found a blossoming altar of Fedhas.
  3798 | D:4      | Learned a level 2 spell: Call Imp
  3816 | D:5      | Entered Level 5 of the Dungeon
  3919 | D:5      | HP: 2/44 [orc priest/divine providence (2)]
  4158 | D:5      | Found a stormy altar of Qazlal.
  4628 | D:5      | Gained mutation: When seriously injured, your blood forms
                  | thick armour. (AC +0) [demonic ancestry]
  4628 | D:5      | Reached XP level 7. HP: 32/43 MP: 6/12
  4674 | D:5      | Found a staircase to the Ecumenical Temple.
  4680 | D:5      | Identified the +7 whip "Tearan" {antimagic, rC+ Str+3
                  | Int+3}
  4694 | Temple   | Entered the Ecumenical Temple
  4785 | Temple   | Became a worshipper of Vehumet
  4969 | D:5      | Reached skill level 1 in Unarmed Combat
  5406 | D:5      | Found an ornate altar of the Wu Jian Council.
  5669 | D:6      | Noticed Jeremiah
  5709 | D:6      | Noticed Eustachio
  5709 | D:6      | Found Ecriri's Antique Armour Shoppe.
  5964 | D:5      | Learned a level 3 spell: Hailstorm
  6294 | D:6      | Killed Eustachio
  6295 | D:6      | Gained mutation: When seriously injured, your blood forms
                  | very thick armour. (AC +0) [demonic ancestry]
  6295 | D:6      | Reached XP level 8. HP: 44/58 MP: 6/14
  6664 | D:6      | Learned a level 1 spell: Apportation
  6707 | D:6      | Found a basalt altar of Yredelemnul.
  6762 | D:6      | Found Qiptu's General Store.
  7502 | D:6      | HP: 1/81 [poisoned by a kobold brigand]
  7503 | D:6      | Succumbed to a kobold brigand's poison

Illustrated notes

Levels and vault maps discovered:
D:1:      minmay_arrival_solitary_statue, layout_loops_ring
D:2:      layout_basic, basic_altar, hellmonk_ecumenical_altar_watching_god
D:3:      layout_basic, hellmonk_okawaru_the_only_friend_you_need,
          guppyfry_early_orc_mine
D:4:      layout_rooms, tso_oasis_becter, bloody_makhleb,
          fedhas_altar_fruit_tree, uniq_ijyb
D:5:      layout_loops_ring, general_overflow_altar,
          nicolae_qazlal_general_emergency, minmay_temple_entry_offerings
D:6:      layout_rooms, mainiacjoe_overflow_six_doors_small, serial_shops,
          nicolae_take_the_stairs, columned_hall_lemuel, serial_park_tiny_2,
          minmay_door_square, nicolae_stop_n_shop_2, lemuel_flame_loot_1,
          uniq_eustachio, uniq_jeremiah
D:7:      layout_layer_cave, gammafunk_ghost_wrathful_warriors
Temple:   hellmonk_temple_forest_ring

Skill      XL: |  1  2  3  4  5  6  7  8 |
---------------+-------------------------+-----
Translocations | 1 2 |  2.0
Dodging        | 2 3 |  3.9
Stealth        | 2 3 4 |  4.0
Fighting       | 1 2 3 |  3.8
Short Blades   | 1 |  1.3
Necromancy     | 1 2 3 |  3.5
Conjurations   | 2 3 |  3.7
Summonings     | 2 3 |  3.6
Unarmed Combat | 1 2 |  2.4
Spellcasting   | 4 |  4.4
Ice Magic      | |  0.4

Action                     |  1- 3 |  4- 6 |  7- 9 || total
---------------------------+-------+-------+-------++-------
  Melee: Dagger            |    16 |    26 |       ||    42
         Short sword       |    19 |    29 |       ||    48
         Whip              |       |     2 |       ||     2
         Punch             |       |     4 |     3 ||     7
         Unarmed           |       |    42 |   150 ||   192
   Cast: Magic Dart        |    86 |   145 |    55 ||   286
         Summon Small Mamm |       |     9 |     1 ||    10
         Necrotise         |       |    14 |    41 ||    55
         Call Imp          |       |     4 |     4 ||     8
         Cigotuvi's Dreadf |       |     3 |     2 ||     5
         Hailstorm         |       |       |    12 ||    12
         Apportation       |       |       |     9 ||     9
  Evoke: Wand              |       |    11 |    26 ||    37
    Use: Scroll            |       |     2 |     5 ||     7
         Potion            |       |     1 |     4 ||     5
   Stab: Sleeping          |     3 |     1 |     1 ||     5
         Distracted        |       |     1 |     1 ||     2
 Armour: Robe              |    23 |    73 |   152 ||   248
         Skin              |       |       |     3 ||     3
  Dodge: Dodged            |    26 |   110 |   186 ||   322

Table legend: (Time is in decaauts)
 A = Elapsed time spent in this place.
 B = Non-inter-level travel time spent in this place.
 C = Inter-level travel time spent in this place.
 D = Time resting spent in this place.
 E = Time spent auto-exploring this place.
 F = Levels seen in this place.
 G = Mean time per level.
                   A        B        C        D        E       F      G
               +--------+--------+--------+--------+--------+-----+--------+
         Total |   7507 |   7172 |    335 |   1061 |   3621 |   8 |  938.4 |
       Dungeon |   7402 |   7067 |    335 |   1061 |   3621 |   7 | 1057.4 |
        Temple |    104 |    104 |      0 |      0 |      0 |   1 |  104.0 |
               +--------+--------+--------+--------+--------+-----+--------+

Top non-repeatable levels by time:
     D:5: 2248 daAuts
     D:3: 1401 daAuts
     D:1: 987 daAuts
     D:6: 947 daAuts
     D:2: 760 daAuts
     D:4: 664 daAuts
     D:7: 393 daAuts
  Temple: 104 daAuts
